 Dungeon Crawl Stone Soup version 0.18-a0-1327-gce91241 (webtiles) character file.

81 Oddball22 the Slasher (level 4, -2/30 HPs)
             Began as a High Elf Skald on Feb 16, 2016.
             Slain by an orc priest
             ... wielding a +0 trident
              (6 damage)
             ... on level 3 of the Dungeon.
             The game lasted 00:04:11 (2874 turns).

Oddball22 the Slasher (High Elf Skald)              Turns: 2874, Time: 00:04:11

Health: -2/30      AC:  3    Str: 11    XL:     4   Next: 19%
Magic:  16/17      EV: 12    Int: 17    God:
Gold:   66         SH:  0    Dex: 16    Spells: 1 memorised, 6 levels left

rFire  . . .     SeeInvis .     a - +0 falchion
rCold  . . .     Gourm    .     b - +0 leather armour
rNeg   . . .     Faith    .     (no shield)
rPois  .         Spirit   .     (no helmet)
rElec  .         Dismiss  .     (no cloak)
rCorr  .         Reflect  .     (no gloves)
SustAt .         Harm     .     (no boots)
MR     .....                    (no amulet)
Stlth  +.........               p - ring of magical power
                                o - +2 ring of intelligence

@: infused, not resistant to hostile enchantments, very unstealthy
A: no striking features
a: no special abilities


You were on level 3 of the Dungeon.
You were not hungry.

You visited 1 branch of the dungeon, and saw 3 of its levels.

You collected 66 gold pieces.

Inventory:

Hand Weapons
 a - a +0 falchion (weapon)
Armour
 b - a +0 leather armour (worn)
 j - a +0 shield
Jewellery
 o - a +2 ring of intelligence (left hand)
 p - a ring of magical power (right hand)
Scrolls
 g - a scroll of amnesia
 m - a scroll of magic mapping
 r - a scroll of enchant armour {unknown}
 s - 2 scrolls of noise {unknown}
Potions
 e - 3 potions of curing {unknown}
 f - 2 potions of mutation {unknown}
 h - 2 potions of cure mutation {unknown}
 i - a potion of agility {unknown}
 n - 3 potions of lignification {unknown}
 q - a potion of berserk rage {unknown}
Books
 c - a book of Battle

   Spells                             Type                      Level
   a - Infusion                       Charms                       1
   b - Shroud of Golubria             Charms/Translocation         2
   c - Song of Slaying                Charms                       2
   d - Spectral Weapon                Hexes/Charms                 3
   e - Regeneration                   Charms/Necromancy            3
Comestibles
 d - a bread ration
 k - 3 meat rations
 l - a beef jerky
 t - a chunk of flesh


   Skills:
 + Level 2.8 Fighting
 * Level 4.1 Long Blades
 - Level 0.8 Armour
 + Level 2.3 Dodging
 - Level 2.4 Spellcasting
 - Level 3.6 Charms


You had 6 spell levels left.
You knew the following spells:

 Your Spells              Type           Power        Failure   Level  Hunger
a - Infusion              Chrm           ##..         8%          1    #......


Dungeon Overview and Level Annotations

Branches:
Dungeon (3/15)

Altars:
Vehumet


Message History

The orc shouts!
The orc priest hits you with a trident.
* * * LOW HITPOINT WARNING * * *
The orc moves out of view.
You are too injured to fight recklessly!
You closely miss the orc priest.
The orc priest is severely wounded.
The orc priest hits you with a trident.
* * * LOW HITPOINT WARNING * * *
You closely miss the orc priest.
The orc priest is severely wounded.
The orc priest barely misses you.
You barely miss the orc priest.
The orc priest is severely wounded.
The orc priest hits you with a trident.
* * * LOW HITPOINT WARNING * * *
You closely miss the orc priest.
The orc priest is severely wounded.
The orc priest hits you with a trident.
You die... ....... ..... ..... o.. oog

#o# #o# ####### #@#
#.....#
###'################
#.....#
#...................
#.....#
#.>....#############
#.....# #......#
#(....# ###.#.##
##.....######.#.#
#.............#.#
#............####


You could see an orc priest, 4 orcs and a hobgoblin.

Vanquished Creatures
  3 adders
  2 worms (D:2)
  A giant gecko (D:2)
  A ball python (D:1)
  4 bats
  A giant cockroach (D:1)
  6 goblins
  5 hobgoblins
  5 jackals
  4 giant newts
  9 kobolds
  6 rats
47 creatures vanquished.

Notes
Turn   | Place    | Note
--------------------------------------------------------------
     0 | D:1      | Oddball22 the High Elf Skald began the quest for the Orb.
     0 | D:1      | Reached XP level 1. HP: 14/14 MP: 4/4
   547 | D:1      | Reached XP level 2. HP: 19/19 MP: 6/6
   972 | D:1      | Reached XP level 3. HP: 25/25 MP: 4/7
  1889 | D:2      | Reached skill level 4 in Long Blades
  2069 | D:2      | Found a radiant altar of Vehumet.
  2310 | D:3      | Reached XP level 4. HP: 8/30 MP: 8/8
  2874 | D:3      | Slain by an orc priest

Vault maps used:
D:1:      tarquinn_simple_flora_water_f, st_stairs_10, minivault_27,
          minmay_misc_feat_chi
D:2:      lemuel_crystal_altar
D:3:      nicolae_gozag_cash_rules_everything_around_me, uniq_natasha,
          uniq_crazy_yiuf_cottage

Action                   |  1- 3 |  4- 6 || total
-------------------------+-------+-------++-------
Melee: Falchion          |   131 |    24 ||   155
 Cast: Infusion          |     6 |     2 ||     8
  Use: Scroll            |     4 |       ||     4
 Stab: Sleeping          |     1 |       ||     1
  Eat: Chunk             |     4 |     2 ||     6
